 Dungeon Crawl Stone Soup version 0.30-a0-4-ga7cffc901d (webtiles) character file.

Game seed: 1002482410126381406

628 Setbun the Slicer (level 7, -2/40 HPs)
             Began as a Kobold Brigand on Aug 20, 2022.
             Was an Initiate of Wu Jian.
             Slain by a lemure (8 damage)
             ... led by Pikel
             ... on level 5 of the Dungeon.
             The game lasted 00:05:10 (5271 turns).

Setbun the Slicer (Kobold Brigand)                  Turns: 5271, Time: 00:05:11

Health: -2/40      AC:  3    Str: 12    XL:     7   Next: 77%
Magic:  7/7        EV: 14    Int: 12    God:    Wu Jian [......]
Gold:   180        SH:  0    Dex: 19    Spells: 6/6 levels left

rFire   . . .      SeeInvis +    u - +7 dagger "Icousafi" {flame, rC+ rCorr Str+4 SInv}
rCold   + . .      Faith    .    (no shield)
rNeg    . . .      Spirit   .    b - +0 robe
rPois   .          Reflect  .    (no helmet)
rElec   .          Harm     .    c - +0 cloak
rCorr   +          Rampage  .    (no gloves)
Will    .....                    (no boots)
Stlth   ++++......               (no amulet)
HPRegen 0.13/turn                (no ring)
MPRegen 0.10/turn                (no ring)

@: no status effects
A: small, no large weapons, nightstalker 3
a: Renounce Religion


You were on level 5 of the Dungeon.
You worshipped Wu Jian.
Wu Jian was noncommittal.
You visited 2 branches of the dungeon, and saw 7 of its levels.

You collected 180 gold pieces.

Inventory:

Hand Weapons
 a - a +2 dagger
 p - a +1 demon whip of flaming
 u - the +7 dagger "Icousafi" (weapon) {flame, rC+ rCorr Str+4 SInv}
   (You found it on level 4 of the Dungeon)

   It burns those it strikes, dealing additional fire damage.
   Str:       It affects your strength (+4).
   rC:        It protects you from cold.
   SInv:      It lets you see invisible.
   rCorr:     It protects you from acid and corrosion.
Missiles
 d - 12 poisoned darts (quivered)
 e - 3 curare-tipped darts
Armour
 b - a +0 robe (worn)
 c - a +0 cloak (worn)
Jewellery
 k - an amulet of faith
 A - a ring of ice
Wands
 r - a wand of digging (3)
 v - a wand of acid (8)
Scrolls
 g - a scroll of butterflies {unknown}
 h - a scroll of fear {unknown}
 j - a scroll of immolation {unknown}
 l - 4 scrolls of identify {unknown}
 m - a scroll of blinking {unknown}
 n - 2 scrolls of poison {unknown}
 o - a scroll of enchant armour {unknown}
 w - a scroll of silence {unknown}
 x - a scroll of torment {unknown}
 y - a scroll of amnesia {unknown}
 z - 3 scrolls of teleportation {unknown}
 E - a scroll of vulnerability {unknown}
Potions
 f - 2 potions of resistance {unknown}
 i - a potion of mutation {unknown}
 q - 2 potions of berserk rage {unknown}
 s - 2 potions of flight {unknown}
 t - a potion of brilliance {unknown}
 B - a potion of invisibility {unknown}
 C - a potion of lignification {unknown}
 D - a potion of might {unknown}


   Skills:
 - Level 2.1 Fighting
 + Level 10.6 Short Blades
 - Level 2.1 Throwing
 - Level 1.2 Dodging
 - Level 5.3 Stealth


You had 6 spell levels left.
You didn't know any spells.
Your spell library was empty.

Dungeon Overview and Level Annotations

Branches:
Dungeon (6/15)             Temple (1/1) D:4

Altars:
Dithmenos
Fedhas
Gozag
Kikubaaqudgha
Makhleb
Okawaru
Qazlal
Ru
Vehumet
Wu Jian
Xom
The Shining One

Annotations:
D:5 Pikel


Innate Abilities, Weirdness & Mutations

You are small and have problems with some larger weapons.
You are completely attuned to the shadows.


Message History

The lemure is moderately wounded.
The lemure hits you!
You hit the lemure. You burn the lemure.
The lemure is moderately wounded.
You puncture the lemure! You burn the lemure.
The lemure is severely wounded.
The lemure barely misses you.
You hit the lemure. You burn the lemure.
The lemure is severely wounded.
You hit the lemure. You burn the lemure.
The lemure is almost dead.
The lemure closely misses you.
You closely miss the lemure.
The lemure is almost dead.
You puncture the lemure! You burn the lemure.
You kill the lemure!
That felt strangely unrewarding.
No target in view!
You climb downwards.
Level annotation: Pikel The lemure shouts!
Pikel hits you with a +0 whip of freezing!
The lemure closely misses you. The lemure misses you.
There is a stone staircase leading up, spattered with blood here.
Pikel hits you with a +0 whip of freezing.
Pikel freezes you. The lemure closely misses you.
The lemure hits you but does no damage. The adder closely misses you.
You climb upwards.
There is a stone staircase leading down here.
You hit Pikel but do no damage. The lemure closely misses you.
The lemure hits you!
Pikel hits you with a +0 whip of freezing.
* * * LOW HITPOINT WARNING * * *
Pikel freezes you.
* * * LOW HITPOINT WARNING * * *
You closely miss Pikel. You hit Pikel. You burn Pikel.
Pikel is lightly wounded.
The lemure hits you!
You die...

#....##....#
##...####....
#....##......
#..#......#..
##.#..#.###..
##....###..#
#........... ####
#.......<...
#@5####...........
#K5.##...........#
##............##..
##..#......#.....
######..........
#..##.....##
####..#..#.###
#.............
#..........#..


You could see Pikel and 2 lemures.

Vanquished Creatures
  Menkaure (D:5)
  A black bear (D:5)
  A centaur (D:5)
  A lemure (D:5)
  2 hounds (D:5)
  A jelly (D:4)
  An iguana (D:4)
  10 gnolls
  4 adders
  3 worms
  3 dart slugs
  3 orcs (D:3)
  3 bats
  6 endoplasms
  10 giant cockroaches
  5 goblins
  5 hobgoblins
  7 jackals
  6 kobolds
  3 quokkas
  3 ball pythons
  A frilled lizard (D:3)
  6 rats
86 creatures vanquished.

Vanquished Creatures (others)
  A butterfly (D:3)
1 creature vanquished.

Grand Total: 87 creatures vanquished

Notes
Turn   | Place    | Note
-------+----------+-------------------------------------------
     0 | D:1      | Setbun the Kobold Brigand began the quest for the Orb.
     0 | D:1      | Reached XP level 1. HP: 12/12 MP: 1/1
    23 | D:1      | Reached skill level 3 in Short Blades
   234 | D:1      | Reached XP level 2. HP: 17/17 MP: 2/2
   529 | D:1      | Reached skill level 4 in Short Blades
   624 | D:1      | Reached XP level 3. HP: 21/21 MP: 3/3
   993 | D:2      | Reached skill level 5 in Short Blades
  1215 | D:2      | Reached XP level 4. HP: 26/26 MP: 4/4
  1660 | D:2      | Reached skill level 6 in Short Blades
  1903 | D:2      | Found a faded altar of an unknown god.
  2037 | D:3      | Found an iron altar of Okawaru.
  2259 | D:3      | Reached XP level 5. HP: 11/30 MP: 5/5
  3235 | D:4      | Reached skill level 7 in Short Blades
  3301 | D:4      | Found a staircase to the Ecumenical Temple.
  3336 | D:4      | Identified the +7 dagger "Icousafi" {flame, rC+ rCorr Str+4
                  | SInv}
  3425 | Temple   | Entered the Ecumenical Temple
  3428 | Temple   | Found a transporter.
  3428 | Temple   | Found a transporter.
  3430 | Temple   | Found a transporter.
  3430 | Temple   | Found a transporter.
  3563 | Temple   | Became a worshipper of the Wu Jian Council
  3895 | D:4      | Reached XP level 6. HP: 32/35 MP: 6/6
  4008 | D:5      | Entered Level 5 of the Dungeon
  4043 | D:4      | Reached skill level 8 in Short Blades
  4320 | D:5      | Noticed a black bear
  4323 | D:5      | Killed a black bear
  4359 | D:5      | Reached skill level 9 in Short Blades
  4359 | D:5      | Reached XP level 7. HP: 3/40 MP: 7/7
  4852 | D:5      | Noticed Menkaure
  4855 | D:5      | Killed Menkaure
  4856 | D:5      | Reached skill level 10 in Short Blades
  5251 | D:6      | Noticed Pikel
  5271 | D:5      | Slain by a lemure

Illustrated notes

Levels and vault maps discovered:
D:1:      mrwooster_arrival_statue, layout_basic, kennysheep_small_spiral,
          minmay_bisected
D:2:      layout_rooms, chequers_ecumenical_altar_twisty
D:3:      minmay_roachtagon, layout_loops_cross, lemuel_crystal_altar,
          mainiacjoe_overflow_cross_hatched, nicolae_elyvilon_peaceful_grove
D:4:      layout_loops_cross, temple_pool_b, kennysheep_generic_room_14
D:5:      layout_cave_pools, uniq_menkaure
D:6:      layout_cave_pools, nicolae_overflow_two_pavilions,
          gammafunk_ghost_arena, uniq_pikel
Temple:   hellmonk_temple_divided_pantheon

Skill      XL: |  1  2  3  4  5  6  7 |
---------------+----------------------+-----
Short Blades   | 3 4 5 6 7 9 10 | 10.6
Fighting       | |  2.1
Throwing       | |  2.1
Dodging        | |  1.2
Stealth        | |  5.3

Action                   |  1- 3 |  4- 6 |  7- 9 || total
-------------------------+-------+-------+-------++-------
Melee: Dagger            |    49 |   157 |    40 ||   246
       Punch             |       |     1 |     1 ||     2
Invok: Lunge             |       |     5 |     2 ||     7
 Stab: Sleeping          |    22 |    14 |     2 ||    38
Armor: Robe              |     3 |     9 |     7 ||    19
Dodge: Dodged            |    10 |    67 |    19 ||    96

Table legend: (Time is in decaauts)
 A = Elapsed time spent in this place.
 B = Non-inter-level travel time spent in this place.
 C = Inter-level travel time spent in this place.
 D = Time resting spent in this place.
 E = Time spent auto-exploring this place.
 F = Levels seen in this place.
 G = Mean time per level.
                   A        B        C        D        E       F      G
               +--------+--------+--------+--------+--------+-----+--------+
         Total |   5204 |   5051 |    153 |   1603 |   2771 |   7 |  743.4 |
       Dungeon |   5053 |   4900 |    153 |   1603 |   2750 |   6 |  842.2 |
        Temple |    150 |    150 |      0 |      0 |     21 |   1 |  150.0 |
               +--------+--------+--------+--------+--------+-----+--------+

Top non-repeatable levels by time:
     D:4: 1334 daAuts
     D:1: 1107 daAuts
     D:5: 994 daAuts
     D:2: 886 daAuts
     D:3: 724 daAuts
  Temple: 150 daAuts
     D:6: 6 daAuts
